[Event "74th PGNiG TERMIKA POL-ch Women 2022"]
[Site "Kruszwica"]
[Date "2022.05.14"]
[Round "6.1"]
[White "Malicka, Maria"]
[Black "Socko, Monika"]
[Result "0-1"]
[ECO "C01"]
[WhiteElo "2377"]
[BlackElo "2384"]
[Annotator "TA"]
[PlyCount "144"]
[EventDate "2022.05.09"]
[EventType "tourn"]
[EventCountry "POL"]
[SourceTitle "playchess.com"]
[Source "ChessBase"]
[SourceQuality "1"]
[TimeControl "40/5400+30:1800+30"]

1. e4 e6 2. d4 d5 3. exd5 exd5 4. Nf3 Nc6 5. Bb5 Bd6 6. c4 dxc4 7. d5 a6 8. Ba4 b5 9. dxc6 bxa4 10. O-O Ne7 11. Qxa4 Rb8 {[%emt 0:05:29] C01: French: Exchange Variation.} 12. a3 {[%emt 0:00:06] Prevents Rb4.} O-O 13. Nbd2 c3 {[%emt 0:05:05] The position is equal.} 14. bxc3 Bf5 {[%emt 0:08:44] [#]} 15. Ne4 $146 ({Predecessor:} 15. Nd4 Bd3 16. Re1 Nd5 17. N2f3 Qf6 18. Bg5 Qg6 19. Qa5 Bc4 20. Bh4 Rb2 21. Bg3 {0-1 (62) Troselj,I (1857)-Kovac,P (1949) Vinkovci 2020}) 15... Nd5 16. Bg5 f6 17. Bh4 Kh8 (17... Re8 $11 18. Rfe1 Nb6 19. Qb3+ Be6) 18. Nxd6 $16 Qxd6 19. Bg3 (19. Nd4 $1 $16 Bd3 20. Bg3) 19... Qc5 $11 20. Qd4 Qxc6 21. c4 Nb6 22. Rfc1 {[%emt 0:06:09] Threatening Qf4.} (22. c5 $5 Na4 23. Rac1 $14) 22... Rfc8 (22... Rfd8 $11 23. Qf4 Qc5) 23. Qf4 Bd3 24. Nd4 Qd7 25. c5 Nc4 {[%emt 0:08:54] Inhibits Qe3.} 26. Rd1 Nb2 27. Rd2 Bg6 28. Qf3 {[%emt 0:05:46] Inhibits Nd3.} Re8 (28... Qf7 $5 ) 29. Qc3 Na4 30. Qa5 $36 {[%emt 0:00:14][%csl LRa6,LRc7][%mdl 2048] Black is under pressure.} (30. Qc4 $5 ) 30... Nb2 $2 {[%emt 0:01:45] [#]} (30... Qe7 $1 $11 31. Rdd1 (31. Qxa4 $2 Qe1+ 32. Rxe1 Rxe1#) 31... Nxc5) 31. Qxc7 (31. c6 $1 $18 {[%cal Rc6d7] is the precise move to win.} Qf7 32. Qxc7) 31... Qa4 {[%emt 0:01:45][%mdl 8192] [#]} (31... Qd5 $16) 32. Ne6 $1 $18 Rg8 {[%emt 0:00:01] [#]} 33. Nxg7 Nd3 (33... Nc4 34. Qf4) 34. Ne6 Rbe8 {[%emt 0:01:20] Prevents Qe7.} 35. Nf4 Qxa3 $2 (35... Nxf4 {is a better chance.} 36. Qxf4 (36. Bxf4 Rc8 $16) 36... Qxf4 37. Bxf4 Re4) 36. Rdd1 Qc3 37. Nxd3 Bxd3 38. Rac1 Bc2 39. Rf1 Rc8 40. Qd6 {[%emt 0:00:00] Black must now prevent Bh4.} Rxc5 $2 {[%emt 0:00:00] [#]} (40... Kg7 {was necessary.} 41. Bh4 (41. Qxa6 Qxc5 42. Rfe1 Qg5 $16) 41... Rge8) 41. Rxc2 $1 Qxc2 42. Qxf6+ Rg7 43. Qd8+ (43. Be5 Rxe5 44. Qxe5 h6 $18) 43... Rg8 44. Qd4+ (44. Be5+ Rxe5 45. Qf6+ Rg7 46. Qf8+ (46. Qxe5 h6 $18) 46... Rg8 47. Qf6+ Rg7 48. Qxe5 h6 $18) 44... Rg7 45. Be5 Rxe5 46. Qxe5 {[%emt 0:00:03][%mdl 4096] Endgame KQR-KQR} h6 (46... Qc7 {is a better defense.} 47. Qf6 Qe7 48. Qxa6 Qb7 49. Qxb7 Rxb7) 47. g3 Kh7 48. Qd5 {[%emt 0:03:03] Inhibits Qd3.} Rc7 49. Ra1 Qg6 50. Qa8 Qd3 51. Kg2 ({Inferior is} 51. Qxa6 Rc1+ 52. Kg2 Qe4+ 53. Kh3 Qf5+ 54. Kh4 (54. Kg2 Qe4+ 55. Kh3 Qf5+ 56. Kh4 Qg5+ 57. Kh3 Qf5+ $11) 54... Qg5+ 55. Kh3 Qf5+ 56. Kh4 (56. Kg2 Qe4+ 57. Kh3 Qf5+ $11) 56... Qg5+ 57. Kh3 Qf5+ $11) 51... Rf7 52. Re1 {[%emt 0:06:00] Strongly threatening Re8.} ({Weaker is} 52. Rxa6 Qe2 53. Ra1 Qxf2+ 54. Kh1 Kg7 $14) 52... Qc2 53. Qe4+ Qxe4+ 54. Rxe4 $16 {[%emt 0:00:02] KR-KR} a5 55. Ra4 Rf5 (55... Ra7 $16 56. f4 Kg6) 56. f4 $2 (56. g4 $18 {has better winning chances.} Rb5 57. Kg3) 56... Rb5 57. Kf3 {[%emt 0:00:33] Hoping for g4.} Kg6 58. Rc4 Rb2 $2 (58... h5 $16 59. Ke4 Rb2) 59. Rc6+ $18 Kg7 60. h3 a4 61. Ra6 Rb3+ {[%emt 0:00:11] [#]} 62. Kg4 $1 a3 $2 (62... Rb4 63. h4 Rb3 64. Ra7+ Kf8 65. Rxa4 h5+ 66. Kh3 (66. Kxh5 Rxg3 67. Ra7 Rg1 $18) 66... Kg7) 63. f5 Kh7 64. Ra7+ Kg8 65. f6 $2 ({Only move:} 65. Kh4 $18 {And now g4 would win.} Kf8 66. g4) 65... Kf8 $14 66. Kf4 {[%emt 0:00:25] Threatens to win with g4.} Rb4+ 67. Kf5 {[%emt 0:00:21] Intending Kg6 and mate.} Rb5+ 68. Kg4 (68. Ke4 $5 ) 68... Rb6 69. Kf5 {[%emt 0:00:03] Kg6 would kill now.} Rb5+ 70. Kg4 Rb6 71. Rxa3 Rxf6 72. Rf3 $2 (72. h4 $14) 72... h5+ $1 {[%emt 0:00:05] What a bad dream for White.  Weighted Error Value: White=0.37/Black=0.60} 0-1

[Event "74th PGNiG TERMIKA POL-ch Women 2022"]
[Site "Kruszwica"]
[Date "2022.05.14"]
[Round "6.2"]
[White "Rudzinska, Michalina"]
[Black "Kiolbasa, Oliwia"]
[Result "1-0"]
[ECO "C49"]
[WhiteElo "2236"]
[BlackElo "2375"]
[Annotator "TA"]
[PlyCount "59"]
[EventDate "2022.05.09"]
[EventType "tourn"]
[EventCountry "POL"]
[SourceTitle "playchess.com"]
[Source "ChessBase"]
[SourceQuality "1"]
[TimeControl "40/5400+30:1800+30"]

1. e4 e5 2. Nf3 Nc6 3. Nc3 Nf6 4. Bb5 Bb4 5. O-O O-O 6. d3 Bxc3 7. bxc3 d6 8. Bg5 h6 9. Bh4 Qe7 10. Re1 a6 {[%emt 0:02:18] C49: Four Knights: 4 Bb5 Bb4.} 11. Ba4 b5 12. Bb3 Na5 {[%emt 0:00:23] White has an edge.} 13. d4 g5 {[%emt 0:21:59] [#]} 14. Nxg5 $146 ({Predecessor:} 14. Bg3 Nxb3 15. axb3 exd4 16. e5 dxe5 17. Rxe5 Be6 18. Nxd4 Nd7 19. Re3 Nf6 20. Qf3 {1-0 (33) Bellia,F (2443)-Kierzek,M (2011) Walbrzych 2018}) 14... hxg5 (14... Nxb3 15. axb3) 15. Bxg5 Nxb3 16. cxb3 Kg7 17. f4 {[%emt 0:20:24] aiming for fxe5.} Qd7 18. f5 {[%emt 0:22:28] Hoping for Re3.} (18. Qf3 $5 ) 18... Rh8 19. Re3 {[%emt 0:00:57] And now Rg3 would win.} Ne8 $2 {[%emt 0:15:59][%mdl 8192] [#]} (19... Qe7 $11 {and Black stays safe.}) 20. Qg4 $2 (20. dxe5 $1 $18 {is the precise move to win. Threatens to win with Qg4.} dxe5 21. Qg4) 20... Kf8 $2 {[%emt 0:02:07][%mdl 8192] This costs Black the game.} (20... f6 $16) 21. dxe5 $18 ({Less strong is} 21. Rh3 Rxh3 22. Qxh3 f6 $18) 21... f6 (21... dxe5 $142 22. Rd1 Qc6) 22. exf6 {[%emt 0:01:14] White is clearly winning.} c5 23. Rh3 Rxh3 24. Qxh3 {[%emt 0:00:07] Qh8+ would kill now.} Kg8 {[%emt 0:00:27] Prevents Qh8+.} 25. Qh5 Ra7 26. Qg6+ Kh8 27. Rf1 {[%emt 0:00:49] White threatens Rf4 and mate.} Qf7 28. Rf4 {[%emt 0:00:50] White wants to mate with Rh4+.} Qxg6 29. fxg6 {[%emt 0:00:06] Intending f7 and mate.} Ng7 30. Rh4+ {[%emt 0:00:08] Weighted Error Value: White=0.33/Black=1.03} (30. f7 $142 Rxf7 31. gxf7) 1-0

[Event "74th PGNiG TERMIKA POL-ch Women 2022"]
[Site "Kruszwica"]
[Date "2022.05.14"]
[Round "6.3"]
[White "Kubicka, Anna"]
[Black "Majdan, Joanna"]
[Result "1/2-1/2"]
[ECO "B51"]
[WhiteElo "2245"]
[BlackElo "2325"]
[Annotator "TA"]
[PlyCount "67"]
[EventDate "2022.05.09"]
[EventType "tourn"]
[EventCountry "POL"]
[SourceTitle "playchess.com"]
[Source "ChessBase"]
[SourceQuality "1"]
[TimeControl "40/5400+30:1800+30"]

1. e4 c5 2. Nf3 d6 3. Bb5+ Nd7 4. c3 a6 5. Bd3 Ngf6 6. O-O {[%emt 0:00:24] B51: Sicilian: Moscow Variation (3 Bb5+) without 3...Bd7.} b5 7. a4 Bb7 8. Re1 e6 9. Bc2 c4 10. d4 cxd3 11. Bxd3 Be7 {[%emt 0:06:16] [#]} (11... bxa4 {is more complex.} 12. Qxa4 Be7 13. e5 dxe5 14. Nxe5 O-O) 12. Nbd2 $146 (12. axb5 $14 axb5 13. Rxa8 Qxa8 14. Nfd2 (14. Bxb5 Bxe4 15. Nbd2 Bc6 $11)) ({Predecessor:} 12. axb5 axb5 13. Rxa8 Qxa8 14. Nbd2 O-O 15. b4 Rc8 16. Qb3 d5 17. e5 Ne4 18. Bb2 {½-½ (28) Abdusattorov,N (2486)-Wei,Y (2748) Ashkhabad 2017}) 12... Nc5 $11 13. Bc2 bxa4 (13... O-O {looks sharper.} 14. e5 dxe5 15. Nxe5 Qd5) 14. Rxa4 (14. e5 $11 dxe5 15. Bxa4+ Nxa4 16. Qxa4+ Qd7 17. Nxe5 Qxa4 18. Rxa4) 14... Nxa4 $17 15. Bxa4+ Kf8 16. Nd4 Qc7 17. Qf3 h5 18. Bb3 Kg8 19. Qh3 d5 (19... Bc8 $142 20. Qd3 h4) 20. e5 Ng4 21. Qg3 a5 22. Bd1 a4 23. h3 Nh6 (23... Bc5 $5 24. N2f3 Nh6 $17) 24. Bxh5 Qb6 (24... Nf5 $2 25. Bxf7+ $1 Kxf7 26. Nxf5 $18) 25. N2f3 (25. Bd1 $11) 25... Nf5 {[%emt 0:05:48] [#]} (25... Rf8 $15 {stays ahead.} 26. Nh4 Rh7) 26. Nxf5 $1 $16 exf5 {[%emt 0:00:06] [#]} 27. e6 $1 {[%emt 0:02:08] Chess con chili.} Rxh5 28. exf7+ Kxf7 {[%emt 0:02:46] [#] ...Bf8 is the strong threat.} 29. Rxe7+ Kxe7 30. Qxg7+ Ke8 31. Qg8+ {[%emt 0:01:32][%mdl 1024] White has compensation.} Ke7 32. Qg7+ Ke8 33. Qg8+ Ke7 34. Qg7+ {[%emt 0:00:30] Weighted Error Value: White=0.20 (precise) /Black=0.19 (very precise)} 1/2-1/2

[Event "74th PGNiG TERMIKA POL-ch Women 2022"]
[Site "Kruszwica"]
[Date "2022.05.14"]
[Round "6.4"]
[White "Zawadzka, Jolanta"]
[Black "Antolak, Julia"]
[Result "1/2-1/2"]
[ECO "B12"]
[WhiteElo "2409"]
[BlackElo "2371"]
[Annotator "TA"]
[PlyCount "80"]
[EventDate "2022.05.09"]
[EventType "tourn"]
[EventCountry "POL"]
[SourceTitle "playchess.com"]
[Source "ChessBase"]
[SourceQuality "1"]
[TimeControl "40/5400+30:1800+30"]

1. e4 c6 2. d4 d5 3. e5 c5 4. dxc5 e6 5. Bd3 Bxc5 6. Qg4 {[%emt 0:00:49] B12: Caro-Kann: Advance Variation.} Ne7 7. Nf3 Nbc6 {[%emt 0:02:30][%cal Bb8c6,Bc6e5,Be5d3][%mdl 32] [#]} 8. Qxg7 $146 {[%emt 0:00:39] White is slightly better.} ({Predecessor:} 8. O-O Ng6 9. a3 O-O 10. Qg3 f6 11. b4 Bb6 12. Bxg6 hxg6 13. Bb2 Bc7 14. Nbd2 {1-0 (42) So,W (2778)-Tabatabaei,M (2623) Chess.com INT 2022}) 8... Rg8 9. Qxh7 {[%emt 0:00:23] And now 0-0 would win. White is more active.} Qc7 {[%emt 0:09:04] [#]} ({Don't play} 9... Rxg2 $6 10. Nc3 $11) 10. Kf1 (10. Bf4 $1 $16) 10... Nxe5 11. Bf4 $1 Bd6 {[%emt 0:03:34] Threatens to win with ...Nxf3.} 12. Nc3 {[%emt 0:02:01] Strongly threatening Nb5.} Nxd3 13. Bxd6 (13. Nb5 $1 $14 Nxf4 14. Nxc7+ Bxc7 15. g3) 13... Qxd6 $11 14. Qxd3 Bd7 15. Re1 {[%emt 0:19:49] Against e5} Rc8 16. Qd4 {[%emt 0:21:03] Inhibits Qb4.} (16. Ne5 $16) 16... Qa6+ (16... Rc4 $11 17. Qxa7 f6) 17. Kg1 $14 Rc4 18. Qd3 (18. Qe5 $14) 18... Qa5 (18... f6 $11) 19. h4 {[%emt 0:01:28] aiming for Ne5.} Qb4 20. Ne5 Rxh4 21. Rxh4 Qxh4 22. Qf3 {[%emt 0:04:23] Chess con chili.} f6 23. Nd3 (23. Nxd7 $11 Kxd7 24. g3 (24. Qe2 Qh3 $17)) 23... Qg4 ({Better is} 23... Rh8 $17 24. g3 Qh6) 24. Qxg4 $11 Rxg4 25. f3 Rc4 26. f4 Kf7 27. Re2 Nf5 28. g4 Nd4 29. Rg2 b5 30. a3 {[%emt 0:03:55] Against b4} a5 31. Ne1 (31. g5 $11 {keeps the balance.}) 31... Nc6 ({Black should try} 31... b4 $17 32. axb4 axb4) 32. Nxb5 {[%emt 0:02:57] Hoping for Nd6+.} Rxf4 {[%emt 0:00:13] ...Ne5 is the strong threat.} 33. Nd3 Rf3 34. Nc5 Ne5 35. Nd4 {[%emt 0:00:32] Pair of Knights!} Rf4 36. c3 Bc8 37. g5 fxg5 38. Rxg5 {[%emt 0:00:13] [#]} Rxd4 $1 39. Rxe5 Rd2 (39... Rc4 $5 40. Nd3 Ke7 $15) 40. b4 axb4 {[%emt 0:00:00] Weighted Error Value: White=0.20 (precise) /Black=0.19 (very precise)} 1/2-1/2

[Event "74th PGNiG TERMIKA POL-ch Women 2022"]
[Site "Kruszwica"]
[Date "2022.05.14"]
[Round "6.5"]
[White "Kulon, Klaudia"]
[Black "Cyfka, Karina"]
[Result "1/2-1/2"]
[ECO "A21"]
[WhiteElo "2305"]
[BlackElo "2404"]
[Annotator "TA"]
[PlyCount "127"]
[EventDate "2022.05.09"]
[EventType "tourn"]
[EventCountry "POL"]
[SourceTitle "playchess.com"]
[Source "ChessBase"]
[SourceQuality "1"]
[TimeControl "40/5400+30:1800+30"]

1. c4 e5 2. Nc3 Bb4 3. d3 Bxc3+ 4. bxc3 d6 5. g3 Nc6 6. Bg2 Nge7 $1 {[%emt 0:01:58] 6...Nge7 is better than 6...f5. A21: English Opening: 1...e5 2 Nc3.} 7. e4 O-O 8. Rb1 Rb8 9. Ne2 {[%emt 0:01:09] [#]} f5 $146 ({Predecessor:} 9... Be6 10. O-O Qd7 11. f4 f5 12. fxe5 dxe5 13. Ba3 b6 14. Qc2 Rf6 15. Rbd1 fxe4 16. Rxf6 gxf6 17. Bxe4 {1-0 (37) Ingebretsen,J (2276)-Andersen,A (2149) Larvik 2019}) 10. exf5 Bxf5 11. h3 Qd7 12. g4 $1 Be6 13. O-O (13. f4 $1 $14) 13... h5 $11 14. f3 d5 15. c5 Ng6 16. Bg5 {[%emt 0:07:41] Against Nh4} hxg4 17. fxg4 Rxf1+ 18. Qxf1 Nd8 (18... Rf8 {is interesting.} 19. Qc1 d4 20. cxd4 Nf4) 19. d4 Nf7 20. Be3 c6 21. Qf2 Rf8 22. Qg3 Qe7 23. Kh2 Bc8 24. Ng1 exd4 25. cxd4 Ng5 26. Bxg5 Qxg5 27. Nf3 {[%emt 0:00:39] Against Qd2} Qf6 28. Rf1 Qf4 (28... Nf4 $11 {remains equal.}) 29. Qxf4 $16 Nxf4 {[%emt 0:00:15] [#]} 30. Re1 $1 {[%emt 0:01:09] Prevents Re8.} Ne6 31. Kg3 Nc7 ({Black should play} 31... g5) 32. a4 {[%emt 0:01:26] White is more active.} Ne6 33. h4 {[%emt 0:02:06] Inhibits g5.} Nc7 34. Bf1 Re8 (34... Ne6 $142 35. Bd3 Rf6) 35. Rxe8+ $18 Nxe8 {[%emt 0:00:02][%mdl 4096] Endgame KBN-KBN} 36. Bd3 Nc7 37. Kf4 b6 38. cxb6 axb6 39. g5 c5 40. Ke5 {[%emt 0:00:00] [#] Hoping for dxc5.} Bg4 (40... c4 $142) 41. Ne1 Ne6 42. Nc2 ({Resist} 42. Kxd5 Nxd4 43. Kd6 Bd1 $16) (42. dxc5 $18 Nxc5 43. Bc2 (43. Kxd5 Nxa4 44. Bg6 Kf8 $16)) 42... cxd4 (42... Nxd4 $1 $11 {feels stronger.} 43. Nxd4 cxd4) 43. Nxd4 (43. Nb4 $16) 43... Nxd4 $11 {[%emt 0:04:45] The position is equal.} 44. Kxd4 {[%emt 0:00:04] KB-KB} Bd1 45. Bb5 Kf7 46. Kxd5 {[%emt 0:02:08] Intending Kd6 and mate.} Kg6 $1 47. Ke6 {[%emt 0:05:07] White wants to mate with Be8+.} Bb3+ 48. Ke7 Kh5 49. Kf8 $1 g6 (49... Kxh4 $2 50. g6 $18) 50. Kg7 Bc2 51. Be8 Bb1 52. Kf6 Bc2 53. Bf7 Bb1 54. Kg7 Bc2 55. Kh7 Bxa4 56. Bxg6+ Kxh4 57. Kh6 Bb3 58. Bd3 {[%emt 0:01:47] aiming for g6.} Bf7 59. Bb5 Bh5 60. Bc6 Bf7 61. Ba4 Bh5 62. Bc2 b5 63. g6 Bxg6 64. Kxg6 {[%emt 0:00:03] Black escapes into a draw.  Weighted Error Value: White=0.11 (very precise) /Black=0.13 (very precise)} 1/2-1/2

[Event "74th PGNiG TERMIKA POL-ch Women 2022"]
[Site "Kruszwica"]
[Date "2022.05.15"]
[Round "7.1"]
[White "Socko, Monika"]
[Black "Rudzinska, Michalina"]
[Result "1/2-1/2"]
[ECO "E28"]
[WhiteElo "2384"]
[BlackElo "2236"]
[Annotator "TA"]
[PlyCount "105"]
[EventDate "2022.05.09"]
[EventType "tourn"]
[EventCountry "POL"]
[SourceTitle "playchess.com"]
[Source "ChessBase"]
[SourceQuality "1"]
[TimeControl "40/5400+30:1800+30"]

1. d4 Nf6 2. c4 e6 3. Nc3 Bb4 4. e3 O-O 5. a3 Bxc3+ 6. bxc3 d6 7. Nf3 c5 8. Bd3 Nc6 9. O-O {[%emt 0:01:58] 9.e4 is more advanced technology.} e5 {[%emt 0:01:31] E29: Nimzo-Indian: Sämisch: 5...0-0 6 e3 c5 7 Bd3 Nc6.} 10. d5 e4 11. dxc6 bxc6 12. Be2 {[%emt 0:00:19] [#] Threatens to win with Nd2.} exf3 13. Bxf3 Qc7 14. Qa4 {[%emt 0:08:42] [#]} Bb7 $146 ({Predecessor:} 14... Bd7 15. e4 Rfe8 16. Qc2 Bg4 17. Bxg4 Nxg4 18. Bf4 Ne5 19. Bxe5 dxe5 {½-½ (19) Silfver,T (1880)-Stevens,M (1816) ICCF email 2010}) 15. Rb1 Rfc8 16. Rd1 Nd7 17. e4 Nb6 18. Qc2 Nxc4 19. Be2 Ne5 20. f4 {[%emt 0:05:17][%mdl 1024] White has compensation.} Ng6 21. c4 Re8 22. Rb3 Rad8 (22... Ba6 $11) 23. Rg3 ({Better is} 23. f5 $1 $14 Ne5 24. f6) 23... d5 $11 24. f5 Ne5 25. Bh6 g6 $36 {[%emt 0:00:27][%mdl 2048] Black has the initiative.} 26. Bg5 {[%emt 0:01:04] A strong pair of Bishops.} Rd6 27. Bf4 dxe4 28. Rxd6 Qxd6 29. Qxe4 {[%emt 0:00:23] Strongly threatening Re3.} Qd4+ 30. Qxd4 (30. Re3 $1 $11 f6 31. fxg6) 30... cxd4 $15 31. c5 Bc8 32. fxg6 hxg6 33. Kf2 Bf5 34. h3 ({White should try} 34. Rb3) 34... Bc2 $17 35. Ba6 (35. Bxe5 $17 {was called for.} Rxe5 36. Rg4) 35... Kg7 36. Bc1 f6 37. h4 Nd7 (37... Rh8 $19 {is more deadly.} 38. Rh3 Rb8) 38. Bd3 Bxd3 39. Rxd3 Nxc5 ({Black should play} 39... Re4 $17 40. Bb2 Rxh4 41. Bxd4 Kf7) 40. Rxd4 {[%emt 0:00:00][%mdl 4096] Endgame KRB-KRN} f5 41. Be3 {[%emt 0:08:56] The position is equal.} Ne4+ 42. Kf3 Re7 43. Rc4 Rc7 44. Bf4 c5 45. Bxc7 Nd2+ 46. Kf4 Nxc4 $11 {[%emt 0:00:07] KB-KN} 47. Bb8 a5 48. Ba7 Nxa3 {[%emt 0:00:21] [#] aiming for ...c4.} 49. Bxc5 Nc2 {[%emt 0:01:36] With the idea ...Kf6.} 50. h5 gxh5 {[%emt 0:08:20] White must now prevent ...Kf6.} 51. Kxf5 Ne1 52. Bd4+ Kf7 53. Bc3 {[%emt 0:00:14][%csl LRa5,LRe1] And White is the lucky defender.  Weighted Error Value: White=0.16 (very precise) /Black=0.17 (very precise)} 1/2-1/2

[Event "74th PGNiG TERMIKA POL-ch Women 2022"]
[Site "Kruszwica"]
[Date "2022.05.15"]
[Round "7.2"]
[White "Majdan, Joanna"]
[Black "Zawadzka, Jolanta"]
[Result "0-1"]
[ECO "B51"]
[WhiteElo "2325"]
[BlackElo "2409"]
[Annotator "TA"]
[PlyCount "80"]
[EventDate "2022.05.09"]
[EventType "tourn"]
[EventCountry "POL"]
[SourceTitle "playchess.com"]
[Source "ChessBase"]
[SourceQuality "1"]
[TimeControl "40/5400+30:1800+30"]

1. e4 c5 2. Nf3 d6 3. Bb5+ Nd7 4. d4 cxd4 5. Qxd4 a6 6. Bxd7+ Bxd7 7. c4 {[%emt 0:01:17] 7.Nc3 is the modern continuation. B51: Sicilian: Moscow Variation (3 Bb5+) without 3...Bd7.} Nf6 8. O-O g6 9. Nc3 {[%emt 0:06:44] The position is equal.} Bg7 10. Bg5 O-O 11. Qd3 (11. c5 $5 ) 11... Rc8 12. Rac1 {[%emt 0:02:13] [#]} h6 $146 (12... b5 $5) ({Predecessor:} 12... Be6 13. b3 Qa5 14. Qd2 Kh8 15. Rfe1 b5 16. Nd5 Qxd2 17. Nxd2 Rfe8 18. Nxf6 exf6 {½-½ (49) Lugovskoy,M (2502)-Alekseenko,K (2561) Loo 2016}) 13. Bh4 Re8 14. b3 Kh7 15. Bxf6 Bxf6 16. Qd5 Be6 {[%emt 0:02:46] This bishop pair is nice.} 17. Qxb7 Bxc3 18. Rxc3 Qa5 $1 19. Rfc1 Rc7 $36 {[%emt 0:00:58][%cal Bc8c7,Bc7b7,Bb7b4,Bb4a4][%mdl 2080] Black has some pressure.} 20. b4 Rxb7 21. bxa5 Rc8 22. Kf1 Rb4 23. c5 (23. a3 $15 Ra4 24. Nd2) 23... dxc5 ({Reject} 23... Bxa2 $6 24. Nd2 $11) 24. Nd2 c4 {[%emt 0:02:12] Black is more active.} ({Of course not} 24... Bxa2 $6 25. Rxc5 Rxc5 26. Rxc5 $11) 25. Ke2 Kg7 26. Ke3 Ra4 27. a3 f6 28. f4 Kf7 29. h3 h5 {[%emt 0:01:43] Inhibits g4.} 30. g4 (30. Nf3 $17 {was the only defense.}) 30... hxg4 $19 31. hxg4 Bxg4 32. Nxc4 Rh8 33. Kd4 (33. Rb1 $142) 33... Be6 34. Kc5 $2 {[%emt 0:00:55] [#]} (34. f5 gxf5 35. exf5 Bxf5 36. Kc5) 34... Rc8+ 35. Kd4 Bxc4 36. Rxc4 e5+ 37. fxe5 fxe5+ (37... Raxc4+ $142 38. Rxc4 fxe5+ 39. Kd5 Rxc4 40. Kxc4 g5 41. Kd3 Kg6 42. Ke2 g4 43. Kf2 Kg5 44. Kg3 Kh5 45. Kh2 Kh4 46. Kg2 g3 47. Kh1 Kg4 48. Kg2 Kf4 49. a4 Kg4 50. Kg1 Kf3 51. Kh1 Kxe4 52. Kg2 Kf4 53. Kh3 e4 54. Kg2 e3 55. Kf1 Kf3 56. Ke1 g2 57. Kd1 e2+ 58. Kc1 g1=Q+ 59. Kb2 e1=Q 60. Kb3 Qd1+ 61. Kb2 Qgd4+ 62. Ka3 Q1xa4#) 38. Kd5 Raxc4 {[%emt 0:00:36] Black mates.} 39. Rxc4 Rxc4 40. Kxc4 g5 {Weighted Error Value: White=0.64/Black=0.29 (precise)} 0-1

[Event "74th PGNiG TERMIKA POL-ch Women 2022"]
[Site "Kruszwica"]
[Date "2022.05.15"]
[Round "7.3"]
[White "Antolak, Julia"]
[Black "Kulon, Klaudia"]
[Result "1/2-1/2"]
[ECO "B27"]
[WhiteElo "2371"]
[BlackElo "2305"]
[Annotator "TA"]
[PlyCount "78"]
[EventDate "2022.05.09"]
[EventType "tourn"]
[EventCountry "POL"]
[SourceTitle "playchess.com"]
[Source "ChessBase"]
[SourceQuality "1"]
[TimeControl "40/5400+30:1800+30"]

1. e4 c5 2. Nf3 g6 3. d4 cxd4 4. Qxd4 Nf6 5. Nc3 Nc6 6. Qa4 d6 7. e5 dxe5 8. Nxe5 Bd7 {[%emt 0:00:03] B27: Sicilian: 2 Nf3, unusual Black 2nd moves.} 9. Nxd7 Nxd7 10. Be2 {[%emt 0:03:42] 10.Be3 is setting a new trend.} Bg7 11. O-O Nb6 12. Qh4 {[%emt 0:03:09] [#]} Nd4 $146 (12... Qd4 $5 13. Qg5 O-O $11) ({Predecessor:} 12... e6 13. Bg5 f6 14. Be3 O-O 15. Bc5 Rf7 16. Nb5 f5 17. Qxd8+ Rxd8 18. Nxa7 Na4 19. Nxc6 bxc6 {1-0 (49) Bengherabi,K (2150)-Erdogan,H (1833) Caleta 2019}) 13. Bd3 O-O 14. Bg5 Re8 15. Rad1 a6 {[%emt 0:11:46] Prevents Bb5.} (15... Qc7 $11) 16. Rfe1 $16 Qd7 17. Rxe7 Rxe7 18. Bxe7 {[%emt 0:00:07] [#] Hoping for Bc5.} Nf5 19. Bxf5 Qxf5 20. Qb4 {[%emt 0:02:40] White is more active.} Re8 (20... Qxc2 $2 21. Qxb6 Re8 22. Rd8 $18 (22. Qxb7 Bxc3 23. Qd7 Rxe7 $11)) 21. Qxb6 {[%emt 0:07:09] And now Rd8 would win.} Rxe7 22. h3 ({Better is} 22. g3 $14) 22... Rd7 $11 23. Rxd7 Qxd7 {[%emt 0:00:10][%mdl 4096] Endgame KQB-KQN} 24. Qe3 h5 25. a3 Kh7 26. Qd3 Qe7 27. Qd2 {[%emt 0:01:16] Against Qe1+} Bh6 28. Qe2 Qd7 29. Ne4 {[%emt 0:02:51] [#] Threatening mate with Nf6+.} Qe6 {[%emt 0:01:37] Against Nf6+} 30. a4 h4 31. b3 Qe5 32. Qc4 Qf4 33. Nc5 ({White should try} 33. Kf1 $16) 33... Qc1+ 34. Qf1 {[%emt 0:00:28] Qxc1 is the strong threat.} Qxc2 35. Nxb7 (35. Qc4 $1 $11 Qd1+ 36. Qf1) 35... Qc7 $2 ({Black should play} 35... Qxb3 $19 36. Nd6 Bf4) 36. Qxa6 {[%emt 0:00:39] The position is equal.} Qc1+ 37. Qf1 {[%emt 0:00:08] Threatens to win with Qxc1.} Qc7 38. Qb5 {[%emt 0:01:15] aiming for Nc5.} Qc1+ 39. Qf1 {[%emt 0:00:11] Strongly threatening Qxc1.} Qc7 {[%emt 0:00:04] Weighted Error Value: White=0.19 (very precise) /Black=0.15 (very precise)} 1/2-1/2